 Dungeon Crawl Stone Soup version 0.30-a0-140-gd1020e658a (webtiles) character file.

Game seed: 6330408700571384235

12768 Decritt the Nimble (level 11, 0/58 HPs)
             Began as a Spriggan Earth Elementalist on Sept 24, 2022.
             Was an Elder of Vehumet.
             Slain by a sixfirhy (9 damage)
             ... summoned by an obsidian statue
             ... on level 11 of the Dungeon.
             The game lasted 00:44:38 (15432 turns).

Decritt the Nimble (Spriggan Earth Elementalist)   Turns: 15432, Time: 00:44:38

Health: 0/58       AC:  7    Str:  4    XL:     11   Next: 66%
Magic:  17/25      EV: 30    Int: 29    God:    Vehumet [****..]
Gold:   1593       SH:  0    Dex: 22    Spells: 20/28 levels left

rFire   + . .      SeeInvis +    s - +5 sling "Goblinslayer" {speed, rF+ rN+ Int+8 SInv}
rCold   . . .      Faith    .    (no shield)
rNeg    + . .      Spirit   .    r - +0 troll leather armour
rPois   .          Reflect  .    (helmet restricted)
rElec   .          Harm     .    A - +2 cloak
rCorr   .          Rampage  .    (gloves unavailable)
Will    +....                    (boots unavailable)
Stlth   +++.......               (no amulet)
HPRegen 0.99/turn                D - +4 ring of evasion
MPRegen 0.19/turn                x - +6 ring of dexterity

@: very quick
A: very small, no large weapons, unfitting armour, see invisible, speed 3
a: Renounce Religion


You were on level 11 of the Dungeon.
You worshipped Vehumet.
Vehumet was greatly pleased with you.
You visited 2 branches of the dungeon, and saw 12 of its levels.
You also visited: Ossuary.

You collected 1705 gold pieces.
You spent 112 gold pieces at shops.

Inventory:

Hand Weapons
 s - the +5 sling "Goblinslayer" (weapon) {speed, rF+ rN+ Int+8 SInv}
   (You found it on level 3 of the Dungeon)

   Attacks with this weapon are significantly faster.
   Int:       It affects your intelligence (+8).
   rF:        It protects you from fire.
   rN:        It protects you from negative energy.
   SInv:      It lets you see invisible.
Missiles
 B - a throwing net
Armour
 a - a +0 robe
 r - a +0 troll leather armour (worn)
 A - a +2 cloak (worn)
Jewellery
 d - a ring of protection from cold
 e - the ring of the Jester {rF+ rN+ Stlth+}
   (You acquired it on level 5 of the Dungeon)

   [ring of positive energy]

   rF:        It protects you from fire.
   rN:        It protects you from negative energy.
   Stlth:     It makes you more stealthy.
 x - a +6 ring of dexterity (right hand)
 D - a +4 ring of evasion (left hand)
Wands
 h - a wand of iceblast (6)
 y - a wand of polymorph (3)
 E - a wand of quicksilver (11)
Scrolls
 c - 2 scrolls of blinking
 g - a scroll of magic mapping
 j - a scroll of fear {unknown}
 t - a scroll of enchant armour
 u - a scroll of silence {unknown}
 F - a scroll of teleportation {unknown}
 G - a scroll of amnesia
Potions
 b - 5 potions of magic
 f - a potion of ambrosia
 i - 4 potions of curing
 k - 2 potions of cancellation
 l - a potion of resistance {unknown}
 m - 3 potions of mutation
 n - 3 potions of brilliance
 o - 3 potions of attraction
 p - 7 potions of flight
 q - a potion of haste {unknown}
 v - 3 potions of heal wounds
 z - a potion of degeneration {unknown}
 C - 2 potions of might


   Skills:
 + Level 7.5 Fighting
 + Level 1.1 Armour
 + Level 12.0 Dodging
 - Level 3.0 Stealth
 - Level 9.0 Spellcasting
 - Level 2.1 Conjurations
 - Level 6.0 Transmutations
 + Level 10.1 Earth Magic


You had 20 spell levels left.
You knew the following spells:

 Your Spells              Type           Power      Damage    Failure   Level
a - Sandblast             Erth           100%       2d20      1%          1
b - Stone Arrow           Conj/Erth      96%        3d13      1%          3
c - Petrify               Tmut/Erth      56%        N/A       2%          4

Your spell library contained the following spells:

 Spells                   Type           Power      Damage    Failure   Level
 Yara's Violent Unravell  Hex/Tmut       15%        3d8       16%         5
 Freeze                   Ice            52%        1d7       1%          1
 Sting                    Tmut/Pois      100%       1d8       1%          1
 Passwall                 Tmut/Erth      46%        N/A       1%          2
 Lee's Rapid Deconstruct  Erth           32%        3d17*     1%          5
 Ignite Poison            Fire/Tmut/Pois 24%        N/A       2%          3
 Poisonous Vapours        Pois/Air       26%        N/A       3%          2
 Mephitic Cloud           Conj/Pois/Air  17%        N/A       4%          3
 Frozen Ramparts          Ice            26%        1d4       6%          3
 Kindle Blastsparks       Fire/Tloc/Air  26%        2d12      6%          3
 Fulminant Prism          Conj/Hex       9%         3d7       13%         4
 Hailstorm                Conj/Ice       19%        3d6       13%         4
 Iskenderun's Mystic Bla  Conj/Tloc      19%        2d6       13%         4
 Olgreb's Toxic Radiance  Pois           13%        N/A       17%         4
 Freezing Cloud           Conj/Ice/Air   8%         6-21      36%         5


Dungeon Overview and Level Annotations

Branches:
Dungeon (11/15)            Temple (1/1) D:4            Lair (0/5) D:8
    Orc (0/2) D:9         Ossuary (visited)

Altars:
Ashenzari
Cheibriados
Dithmenos
Elyvilon
Fedhas
Gozag
Hepliaklqana
Kikubaaqudgha
Makhleb
Nemelex Xobeh
Okawaru
Qazlal
Ru
Sif Muna
Trog
Uskayaw
Vehumet
Wu Jian
Xom
Yredelemnul
Zin
The Shining One

Shops:
D:4 :   D:8 ?

Annotations:
D:11 exclusion: obsidian statue


Innate Abilities, Weirdness & Mutations

You are very small and have problems with some larger weapons.
You are too small for most types of armour.
You have supernaturally acute eyesight. (SInv)
You cover ground extremely quickly. (Speed+++)


Message History

The sixfirhy hits you.
* * * LOW HITPOINT WARNING * * *
The sixfirhy shocks you!
* * * LOW HITPOINT WARNING * * *
The sixfirhy attacks as you move away! The sixfirhy closely misses you.
The sixfirhy completely misses you. The sixfirhy completely misses you. x2
You see here a manticore corpse.
The sixfirhy misses you.
A sixfirhy is nearby!
The sixfirhy attacks as you move away! The sixfirhy completely misses you.
Things that are here:
a +0 dagger; a +0 robe; an orc corpse The sixfirhy misses you.
The sixfirhy closely misses you. The sixfirhy attacks as you move away!
The sixfirhy misses you. The sixfirhy closely misses you.
The sixfirhy hits you!
* * * LOW HITPOINT WARNING * * *
The sixfirhy shocks you!
* * * LOW HITPOINT WARNING * * *
Casting: Stone Arrow (safe; 1% risk of failure)
Confirm with . or Enter, or press ? or * to list all spells.
Aiming: Stone Arrow (safe; 1% risk of failure)
Press: ? - help, Shift-Dir - straight line, f - sixfirhy
Aim: a sixfirhy (summoned, 46% to hit)
The stone arrow hits the sixfirhy!
The sixfirhy is moderately wounded.
Casting: Stone Arrow (safe; 1% risk of failure)
Confirm with . or Enter, or press ? or * to list all spells.
Aiming: Stone Arrow (safe; 1% risk of failure)
Press: ? - help, Shift-Dir - straight line, f/p - sixfirhy
Aim: a sixfirhy (moderately wounded, summoned, 46% to hit)
The stone arrow misses the sixfirhy.
The sixfirhy hits you.
* * * LOW HITPOINT WARNING * * *
The sixfirhy shocks you!
* * * LOW HITPOINT WARNING * * *
The sixfirhy hits you.
* * * LOW HITPOINT WARNING * * *
The sixfirhy shocks you!
You die...

#.#.# #.# # #.#.#
#.# # #.#.# #.# #
#.#.########.#####
#.#...............
#.##########†#....
#.# #.#.... #.#
#.#.... #@#
#.#.... #3#
#.#.... #.#
###3#.... #.#
#...#####
#.########.###
#....3.)...#
############


You could see a sixfirhy (summoned).

Vanquished Creatures
  2 two-headed ogres
  2 manticores (D:11)
  2 cyclopes (D:11)
  2 komodo dragons
  3 trolls
  2 hornets
  A slime creature (D:11)
  2 wraiths (D:11)
  19 yaks
  3 wyverns
  A steam dragon (D:7)
  3 vampire mosquitoes (D:11)
  2 orc warriors (D:9)
  4 black bears
  4 centaurs
  2 ogres
  3 kobold brigands
  2 bullfrogs
  3 scorpions
  2 necrophages
  A gnoll sergeant (D:10)
  13 wights
  2 water moccasin zombies (Ossuary)
  16 killer bees
  3 howler monkeys
  3 hounds
  3 jellies
  6 orc priests
  2 gnoll boudas
  5 iguanas
  7 orc wizards
  2 mummies (Ossuary)
  14 gnolls
  9 adders
  A white imp (D:7)
  4 adder zombies (Ossuary)
  2 worms
  3 dart slugs
  41 orcs
  3 endoplasms
  4 giant cockroaches
  6 goblins
  12 hobgoblins
  3 jackals (D:2)
  3 quokkas
  5 ball pythons
  A bat (D:3)
  2 frilled lizards
  A gnoll zombie (Ossuary)
  5 hobgoblin zombies (Ossuary)
  21 kobolds
  A kobold zombie (Ossuary)
  An orc zombie (Ossuary)
  2 rats (D:1)
271 creatures vanquished.

Vanquished Creatures (collateral kills)
  An endoplasm (D:1)
  A giant cockroach (D:1)
  A goblin (D:1)
  A rat (D:1)
4 creatures vanquished.

Vanquished Creatures (others)
  8 plants (D:8)
8 creatures vanquished.

Grand Total: 283 creatures vanquished

Notes
Turn   | Place    | Note
-------+----------+-------------------------------------------
     0 | D:1      | Decritt the Spriggan Earth Elementalist began the quest for
                  | the Orb.
     0 | D:1      | Reached XP level 1. HP: 9/9 MP: 5/5
   117 | D:1      | Reached skill level 3 in Dodging
   117 | D:1      | Reached XP level 2. HP: 13/14 MP: 1/6
   671 | D:1      | Reached XP level 3. HP: 17/17 MP: 6/8
   837 | D:2      | You fall into a shaft and drop 2 floors!
   838 | D:4      | Found a sand-covered staircase.
   854 | Ossuary  | Entered an ossuary
   999 | Ossuary  | Reached skill level 1 in Fighting
   999 | Ossuary  | Reached XP level 4. HP: 7/22 MP: 5/10
  1344 | Ossuary  | Reached skill level 4 in Dodging
  1344 | Ossuary  | Reached XP level 5. HP: 19/25 MP: 4/11
  1962 | D:4      | Found a shadowy altar of Dithmenos.
  1991 | D:4      | Found a staircase to the Ecumenical Temple.
  2002 | Temple   | Entered the Ecumenical Temple
  2055 | Temple   | Became a worshipper of Vehumet
  2119 | D:4      | Noticed a black bear
  2467 | D:3      | Found an opulent altar of Gozag.
  2467 | D:3      | Found a snail-covered altar of Cheibriados.
  2604 | D:3      | Identified the +5 sling "Goblinslayer" {speed, rF+ rN+
                  | Int+8 SInv}
  2925 | D:3      | Reached XP level 6. HP: 30/30 MP: 13/13
  3496 | D:2      | Reached * piety under Vehumet
  3496 | D:2      | Offered knowledge of Freeze by Vehumet.
  4184 | D:4      | Reached skill level 5 in Earth Magic
  4194 | D:4      | Learned a level 3 spell: Stone Arrow
  4260 | D:4      | Reached skill level 5 in Dodging
  4260 | D:4      | Reached XP level 7. HP: 35/35 MP: 10/15
  4409 | D:4      | Reached skill level 5 in Spellcasting
  4490 | D:4      | Found Vujant's Book Shoppe.
  4673 | D:5      | Entered Level 5 of the Dungeon
  4742 | D:5      | Reached ** piety under Vehumet
  4742 | D:5      | Offered knowledge of Scorch by Vehumet.
  5169 | D:5      | Identified a scroll of acquirement
  5169 | D:5      | Acquired the ring of the Jester {rF+ rN+ Stlth+}
  5432 | D:6      | Reached XP level 8. HP: 40/40 MP: 17/17
  5473 | D:6      | Reached skill level 6 in Dodging
  5516 | D:6      | Acquired 931 gold pieces
  6504 | D:6      | Offered knowledge of Dazzling Flash by Vehumet.
  6804 | D:7      | Reached skill level 1 in Conjurations
  6819 | D:7      | Reached skill level 7 in Dodging
  7189 | D:7      | Reached XP level 9. HP: 45/45 MP: 16/20
  7284 | D:7      | Reached *** piety under Vehumet
  8242 | D:7      | Offered knowledge of Ignite Poison by Vehumet.
  8755 | D:8      | Noticed a two-headed ogre
  8871 | D:7      | Killed a two-headed ogre
  8872 | D:7      | Reached skill level 8 in Dodging
  9142 | D:8      | Reached skill level 5 in Fighting
  9231 | D:8      | Found Foezovye's Magic Scroll Shop.
  9241 | D:8      | Bought a scroll of identify for 28 gold pieces
  9241 | D:8      | Bought a scroll of identify for 28 gold pieces
  9241 | D:8      | Bought a scroll of identify for 28 gold pieces
  9241 | D:8      | Bought a scroll of identify for 28 gold pieces
  9269 | D:8      | Noticed a two-headed ogre
  9286 | D:8      | Killed a two-headed ogre
  9287 | D:8      | Reached XP level 10. HP: 51/51 MP: 10/23
  9585 | D:8      | Reached skill level 9 in Dodging
  9864 | D:8      | Reached **** piety under Vehumet
 10116 | D:8      | Found a staircase to the Lair.
 10895 | D:8      | Offered knowledge of Yara's Violent Unravelling by Vehumet.
 10896 | D:8      | Reached skill level 10 in Dodging
 11021 | D:8      | Learned a level 4 spell: Petrify
 11263 | D:9      | Found a staircase to the Orcish Mines.
 11789 | D:10     | Entered Level 10 of the Dungeon
 12608 | D:10     | Reached XP level 11. HP: 58/58 MP: 12/25
 12945 | D:10     | Reached skill level 11 in Dodging
 14105 | D:11     | Noticed an obsidian statue
 14244 | D:11     | Reached skill level 5 in Transmutations
 14443 | D:11     | Reached skill level 10 in Earth Magic
 14446 | D:11     | Noticed a boulder beetle
 14876 | D:11     | Noticed a five-headed hydra
 14876 | D:11     | Noticed an orc knight
 14908 | D:11     | Noticed a boulder beetle
 14921 | D:11     | Noticed a boulder beetle
 15215 | D:11     | Reached skill level 1 in Armour
 15249 | D:11     | Reached skill level 12 in Dodging
 15389 | D:11     | Noticed a sixfirhy
 15432 | D:11     | Slain by a sixfirhy

Illustrated notes

Levels and vault maps discovered:
D:1:      dpeg_arrival_long_road, layout_basic, minmay_misc_feat_five,
          minmay_box_of_dots
D:2:      layout_rooms
D:3:      layout_loops_ring, gammafunk_temple_overflow_wave,
          minmay_misc_feat_rugged
D:4:      layout_rooms, grunt_dithmenos_smoke, temple_statues, serial_shops,
          nicolae_shop_advertising_works [nicolae_subvault_shop_adworks],
          nicolae_ossuary_entry_ruins, st_stairs_1, minivault_1
D:5:      layout_basic, minmay_holes, minmay_misc_feat_chi
D:6:      layout_gridville, grunt_decor_resistance, minmay_splitting_lines,
          minmay_fractal_squares_gapless_5
D:7:      layout_basic, minmay_crystal_room
D:8:      layout_rooms, david_lair_shrubbed, serial_shops, shop
D:9:      layout_loops_ring, minmay_orc_entry_temple_small
D:10:     layout_roguey
D:11:     minmay_the_grid_3x3 [minmay_the_grid_broken_lines,
          minmay_the_grid_stretched_grid, minmay_the_grid_tiny_cups,
          minmay_the_grid_dragon_a, minmay_the_grid_rooms,
          minmay_the_grid_zigzag_pyramid, minmay_the_grid_armoury,
          minmay_the_grid_minigrid_large, minmay_the_grid_prize_trominoes],
          layout_basic, minivault_16
Temple:   hellmonk_temple_of_storms

Skill      XL: |  1  2  3  4  5  6  7  8  9 10 11 |
---------------+----------------------------------+-----
Dodging        | 3 4 5 7 8 10 12 | 12.0
Earth Magic    | 3 4 5 6 7 8 9 10 | 10.1
Spellcasting   | 3 4 5 6 8 9 |  9.0
Fighting       | 1 2 3 4 5 6 7 |  7.5
Conjurations   | 1 2 |  2.1
Transmutations | 3 6 |  6.0
Armour         | 1 |  1.1
Stealth        | |  3.0

Action                   |  1- 3 |  4- 6 |  7- 9 | 10-12 || total
-------------------------+-------+-------+-------+-------++-------
Melee: Unarmed           |     3 |     1 |       |       ||     4
       Punch             |     1 |       |       |       ||     1
 Fire: Sling             |       |    87 |   160 |   175 ||   422
 Cast: Sandblast         |    35 |    63 |    48 |    11 ||   157
       Stone Arrow       |       |     1 |    65 |   168 ||   234
       Petrify           |       |       |       |     8 ||     8
  Use: Scroll            |     1 |     4 |    13 |     6 ||    24
       Potion            |       |       |     1 |     2 ||     3
Armor: Robe              |     3 |       |     3 |     1 ||     7
       Troll leather arm |       |       |       |     3 ||     3
Dodge: Dodged            |    29 |    25 |    91 |   114 ||   259

Table legend: (Time is in decaauts)
 A = Elapsed time spent in this place.
 B = Non-inter-level travel time spent in this place.
 C = Inter-level travel time spent in this place.
 D = Time resting spent in this place.
 E = Time spent auto-exploring this place.
 F = Levels seen in this place.
 G = Mean time per level.
                   A        B        C        D        E       F      G
               +--------+--------+--------+--------+--------+-----+--------+
         Total |  12772 |  12541 |    231 |   6315 |   4142 |  13 |  982.5 |
       Dungeon |  11706 |  11475 |    231 |   5534 |   3998 |  11 | 1064.2 |
        Temple |     47 |     47 |      0 |      0 |     10 |   1 |   47.0 |
       Ossuary |   1018 |   1018 |      0 |    781 |    132 |   1 | 1018.0 |
               +--------+--------+--------+--------+--------+-----+--------+

Top non-repeatable levels by time:
     D:7: 2067 daAuts
    D:10: 1735 daAuts
     D:9: 1214 daAuts
    D:11: 1207 daAuts
     D:8: 1182 daAuts
     D:6: 1138 daAuts
 Ossuary: 1018 daAuts
     D:4: 955 daAuts
     D:3: 665 daAuts
     D:1: 650 daAuts
     D:5: 488 daAuts
     D:2: 400 daAuts
  Temple: 47 daAuts
